[ PARTIDA AOE2 · #487419751 ]
UnrankedFrancos vs Persians
[ ANÁLISIS DE REPETICIÓN · EXTRAÍDO DE LA PARTIDA GRABADA ]
Feudal
9:16
Castillos
23:11
Imperial
—
| APM promedio | 51.7 |
| APM pico | 99 |
| eAPM promedio | 25.5 |
| Aldeanos / militares | 108 / 49 |
Foco
⚔️ 26.0% · 🌾 74.0%
Knight ×38 · Spearman ×8 · Scout Cavalry ×3
Feudal
9:43
Castillos
25:19
Imperial
—
| APM promedio | 47.4 |
| APM pico | 96 |
| eAPM promedio | 19.2 |
| Aldeanos / militares | 76 / 103 |
Foco
⚔️ 37.9% · 🌾 62.1%
Archer ×98 · Mangonel ×5
Feudal
8:21
Castillos
30:03
Imperial
—
| APM promedio | 29.7 |
| APM pico | 63 |
| eAPM promedio | 15.8 |
| Aldeanos / militares | 96 / 28 |
Foco
⚔️ 24.5% · 🌾 75.5%
Scout Cavalry ×18 · Knight ×5 · Mangonel ×4 · Camel Scout ×1
Feudal
10:56
Castillos
23:32
Imperial
—
| APM promedio | 51.1 |
| APM pico | 87 |
| eAPM promedio | 20.3 |
| Aldeanos / militares | 104 / 85 |
Foco
⚔️ 28.8% · 🌾 71.2%
Knight ×79 · Scout Cavalry ×6
Feudal
10:20
Castillos
23:11
Imperial
—
| APM promedio | 56.1 |
| APM pico | 90 |
| eAPM promedio | 12.8 |
| Aldeanos / militares | 62 / 70 |
Foco
⚔️ 37.2% · 🌾 62.8%
Cavalry Archer ×43 · Skirmisher ×16 · Mangonel ×4 · Scout Cavalry ×4 · Battering Ram ×2 · Archer ×1
Feudal
9:29
Castillos
23:49
Imperial
—
| APM promedio | 54.6 |
| APM pico | 89 |
| eAPM promedio | 24.9 |
| Aldeanos / militares | 89 / 77 |
Foco
⚔️ 27.1% · 🌾 72.9%
Archer ×71 · Spearman ×4 · Scorpion ×2
Mapa de la partida
Recursos iniciales + cada clic de construcción. Líneas = muros · curvas = relieve. ◆ oro · ⬟ piedra · ● bayas · ✦ reliquia · ◌ hueco del cierre
Tu base· ✓ Cerrada en 23:11 · 76t muro · 2 puerta(s)
Base de RDA | Damiii el TORO· ✓ Cerrada en 25:19 · 36t muro · sin puerta
Base de LMG_Leonardo· ✓ Cerrada en 30:03 · 65t muro · sin puerta
Base de LMG_SON SABANDIJAS· ✓ Cerrada en 23:32 · 61t muro · 1 puerta(s)
Base de Gianncrack· Abierta — flanco sin cerrar
Base de LMG_HERA DE TEMU· ✓ Cerrada en 23:49 · 44t muro · 2 puerta(s)
Terreno inicial suavizado · ◌ = hueco del cierre detectado · pasá el cursor para detalles
Inputs por minuto
— XEVER | Masa! - - RDA | Damiii el TORO
Build order — XEVER | Masa!
Primeras 150 de 271 acciones detectadas
| 0:00 | Crear | Villager (Male) |
| 0:01 | Crear | Villager (Male) |
| 0:01 | Crear | Villager (Male) |
| 0:02 | Construir | House |
| 0:03 | Construir | House |
| 0:20 | Crear | Villager (Male) |
| 1:29 | Crear | Villager (Male) |
| 1:53 | Construir | Lumber Camp |
| 2:00 | Crear | Villager (Male) |
| 2:21 | Crear | Villager (Male) |
| 2:54 | Crear | Villager (Male) |
| 3:18 | Crear | Villager (Male) |
| 3:45 | Crear | Villager (Male) |
| 3:49 | Construir | House |
| 4:01 | Crear | Villager (Male) |
| 4:22 | Construir | Mill |
| 4:32 | Crear | Villager (Male) |
| 4:32 | Crear | Villager (Male) |
| 4:55 | Crear | Villager (Male) |
| 5:14 | Crear | Villager (Male) |
| 5:54 | Crear | Villager (Male) |
| 6:22 | Investigar | Loom |
| 7:04 | Investigar | Feudal Age |
| 7:54 | Crear | Villager (Male) |
| 7:54 | Crear | Villager (Male) |
| 7:55 | Crear | Villager (Male) |
| 8:01 | Construir | House |
| 8:03 | Construir | Barracks |
| 8:12 | Construir | Palisade Wall |
| 8:19 | Crear | Villager (Male) |
| 9:05 | Construir | Palisade Wall |
| 9:08 | Crear | Villager (Male) |
| 9:16 | Edad | Edad Feudal |
| 9:26 | Construir | Stable |
| 9:28 | Construir | Palisade Wall |
| 9:40 | Investigar | Double-Bit Axe |
| 9:42 | Crear | Villager (Male) |
| 9:50 | Construir | House |
| 10:03 | Construir | Farm |
| 10:04 | Construir | Farm |
| 10:17 | Construir | Farm |
| 10:18 | Crear | Villager (Male) |
| 10:25 | Crear | Spearman |
| 10:33 | Crear | Scout Cavalry |
| 10:45 | Construir | House |
| 10:51 | Construir | Farm |
| 10:54 | Crear | Villager (Male) |
| 11:00 | Construir | Farm |
| 11:07 | Construir | House |
| 11:15 | Construir | Palisade Gate |
| 11:21 | Crear | Villager (Male) |
| 11:25 | Construir | Farm |
| 11:36 | Construir | Palisade Wall |
| 11:43 | Construir | Palisade Wall |
| 11:47 | Construir | Palisade Wall |
| 11:47 | Crear | Villager (Male) |
| 12:09 | Construir | Blacksmith |
| 12:12 | Construir | Palisade Wall |
| 12:15 | Crear | Villager (Male) |
| 12:24 | Crear | Villager (Male) |
| 12:31 | Construir | Farm |
| 12:36 | Crear | Villager (Male) |
| 12:49 | Crear | Villager (Male) |
| 12:51 | Construir | Mining Camp |
| 13:18 | Crear | Scout Cavalry |
| 13:34 | Construir | Farm |
| 13:37 | Crear | Villager (Male) |
| 13:51 | Crear | Villager (Male) |
| 13:57 | Construir | House |
| 14:07 | Construir | Palisade Wall |
| 14:12 | Crear | Villager (Male) |
| 14:16 | Construir | House |
| 14:22 | Construir | House |
| 14:29 | Crear | Villager (Male) |
| 14:36 | Crear | Scout Cavalry |
| 14:47 | Crear | Spearman |
| 14:53 | Construir | House |
| 14:54 | Construir | Palisade Wall |
| 14:58 | Construir | Palisade Wall |
| 15:00 | Construir | Palisade Wall |
| 15:01 | Construir | Palisade Wall |
| 15:10 | Construir | Farm |
| 15:11 | Crear | Villager (Male) |
| 15:15 | Crear | Spearman |
| 15:20 | Construir | Farm |
| 15:29 | Crear | Villager (Male) |
| 15:47 | Construir | Palisade Gate |
| 16:03 | Crear | Villager (Male) |
| 16:04 | Crear | Spearman |
| 16:04 | Crear | Spearman |
| 16:12 | Construir | Farm |
| 16:22 | Crear | Villager (Male) |
| 16:31 | Crear | Spearman |
| 16:41 | Construir | Farm |
| 16:46 | Crear | Villager (Male) |
| 16:51 | Construir | Farm |
| 16:52 | Construir | Farm |
| 16:54 | Construir | Farm |
| 17:02 | Crear | Villager (Male) |
| 17:08 | Construir | Farm |
| 17:10 | Construir | Farm |
| 17:31 | Investigar | Scale Mail Armor |
| 17:31 | Crear | Villager (Male) |
| 17:34 | Construir | Farm |
| 17:47 | Crear | Spearman |
| 17:48 | Crear | Spearman |
| 18:12 | Construir | Farm |
| 18:26 | Crear | Villager (Male) |
| 18:26 | Crear | Villager (Male) |
| 18:51 | Crear | Villager (Male) |
| 19:19 | Crear | Villager (Male) |
| 19:41 | Crear | Villager (Male) |
| 19:41 | Crear | Villager (Male) |
| 19:58 | Construir | House |
| 20:10 | Construir | Market |
| 20:15 | Construir | Farm |
| 20:27 | Investigar | Castle Age |
| 20:35 | Construir | Farm |
| 21:07 | Investigar | Scale Barding Armor |
| 21:09 | Construir | Farm |
| 21:36 | Crear | Villager (Male) |
| 21:36 | Crear | Villager (Male) |
| 21:37 | Crear | Villager (Male) |
| 21:42 | Investigar | Gold Mining |
| 22:05 | Crear | Villager (Male) |
| 22:06 | Crear | Villager (Male) |
| 22:21 | Construir | Stable |
| 23:11 | Edad | Edad de los Castillos |
| 23:11 | Investigar | Bow Saw |
| 23:14 | Crear | Knight |
| 23:14 | Crear | Knight |
| 23:15 | Crear | Knight |
| 23:21 | Investigar | Chain Barding Armor |
| 23:39 | Crear | Villager (Male) |
| 23:58 | Construir | Farm |
| 24:07 | Investigar | Forging |
| 24:13 | Crear | Knight |
| 24:17 | Crear | Villager (Male) |
| 24:30 | Investigar | Husbandry |
| 24:42 | Crear | Villager (Male) |
| 24:56 | Construir | Lumber Camp |
| 24:57 | Crear | Villager (Male) |
| 25:04 | Crear | Knight |
| 25:11 | Crear | Knight |
| 25:12 | Crear | Knight |
| 25:12 | Crear | Knight |
| 25:27 | Crear | Villager (Male) |
| 25:30 | Crear | Knight |
| 25:59 | Crear | Knight |
| 26:00 | Crear | Knight |
Build order — RDA | Damiii el TORO
Primeras 150 de 278 acciones detectadas
| 0:02 | Crear | Villager (Male) |
| 0:02 | Crear | Villager (Male) |
| 0:02 | Crear | Villager (Male) |
| 0:06 | Construir | House |
| 0:08 | Construir | House |
| 0:25 | Crear | Villager (Male) |
| 1:33 | Crear | Villager (Male) |
| 1:52 | Crear | Villager (Male) |
| 2:24 | Crear | Villager (Male) |
| 2:43 | Crear | Villager (Male) |
| 3:23 | Crear | Villager (Male) |
| 3:23 | Crear | Villager (Male) |
| 3:27 | Construir | Lumber Camp |
| 3:37 | Crear | Villager (Male) |
| 3:37 | Crear | Villager (Male) |
| 3:37 | Crear | Villager (Male) |
| 3:44 | Construir | House |
| 4:40 | Construir | House |
| 4:51 | Crear | Villager (Male) |
| 5:19 | Crear | Villager (Male) |
| 5:25 | Construir | House |
| 5:28 | Crear | Villager (Male) |
| 5:28 | Crear | Villager (Male) |
| 6:00 | Construir | Mill |
| 6:27 | Construir | House |
| 6:30 | Crear | Villager (Male) |
| 6:30 | Crear | Villager (Male) |
| 6:50 | Investigar | Loom |
| 7:28 | Construir | Palisade Wall |
| 7:33 | Investigar | Feudal Age |
| 7:54 | Crear | Villager (Male) |
| 7:54 | Crear | Villager (Male) |
| 8:43 | Construir | Mining Camp |
| 9:27 | Crear | Villager (Male) |
| 9:43 | Edad | Edad Feudal |
| 9:50 | Construir | Archery Range |
| 9:57 | Construir | Mill |
| 10:07 | Construir | Palisade Wall |
| 10:09 | Construir | Palisade Wall |
| 10:10 | Construir | Palisade Wall |
| 10:11 | Construir | Palisade Wall |
| 10:12 | Construir | Palisade Wall |
| 10:15 | Crear | Villager (Male) |
| 10:15 | Crear | Villager (Male) |
| 10:19 | Investigar | Double-Bit Axe |
| 10:31 | Crear | Archer |
| 10:32 | Crear | Archer |
| 11:05 | Construir | Archery Range |
| 11:20 | Construir | House |
| 11:24 | Crear | Villager (Male) |
| 11:32 | Crear | Archer |
| 11:32 | Crear | Archer |
| 11:59 | Construir | House |
| 12:03 | Construir | Palisade Wall |
| 12:13 | Crear | Archer |
| 12:14 | Crear | Archer |
| 12:14 | Crear | Archer |
| 12:22 | Investigar | Town Watch |
| 12:28 | Construir | House |
| 12:33 | Construir | House |
| 12:48 | Construir | House |
| 12:54 | Construir | Blacksmith |
| 13:11 | Crear | Villager (Male) |
| 13:11 | Crear | Villager (Male) |
| 13:11 | Crear | Villager (Male) |
| 13:15 | Crear | Archer |
| 13:15 | Crear | Archer |
| 13:43 | Construir | Palisade Wall |
| 13:44 | Construir | Palisade Wall |
| 13:45 | Construir | Palisade Wall |
| 13:53 | Construir | Lumber Camp |
| 14:15 | Investigar | Fletching |
| 14:34 | Crear | Villager (Male) |
| 14:34 | Crear | Villager (Male) |
| 15:02 | Crear | Villager (Male) |
| 15:04 | Construir | Farm |
| 15:05 | Construir | Farm |
| 15:07 | Crear | Archer |
| 15:07 | Crear | Archer |
| 15:08 | Crear | Archer |
| 15:08 | Crear | Archer |
| 15:42 | Crear | Archer |
| 15:42 | Crear | Archer |
| 15:42 | Crear | Archer |
| 15:59 | Crear | Villager (Male) |
| 15:59 | Crear | Villager (Male) |
| 16:00 | Crear | Archer |
| 16:01 | Crear | Archer |
| 16:01 | Crear | Archer |
| 16:09 | Crear | Archer |
| 16:09 | Crear | Archer |
| 16:10 | Crear | Archer |
| 16:12 | Construir | Farm |
| 16:29 | Crear | Archer |
| 16:29 | Crear | Archer |
| 16:29 | Crear | Villager (Male) |
| 16:31 | Construir | Farm |
| 16:40 | Construir | Market |
| 16:42 | Construir | House |
| 17:21 | Crear | Archer |
| 17:21 | Crear | Archer |
| 17:21 | Crear | Archer |
| 17:31 | Crear | Archer |
| 17:31 | Crear | Archer |
| 17:37 | Crear | Archer |
| 17:42 | Crear | Villager (Male) |
| 17:43 | Crear | Villager (Male) |
| 17:46 | Construir | Farm |
| 17:47 | Construir | Farm |
| 18:07 | Crear | Villager (Male) |
| 18:07 | Crear | Villager (Male) |
| 18:12 | Construir | Farm |
| 18:39 | Crear | Archer |
| 18:40 | Crear | Archer |
| 18:40 | Crear | Archer |
| 18:40 | Crear | Archer |
| 18:56 | Crear | Villager (Male) |
| 19:01 | Construir | Farm |
| 19:02 | Construir | Farm |
| 19:04 | Construir | Farm |
| 19:05 | Construir | Farm |
| 19:07 | Crear | Archer |
| 19:07 | Crear | Archer |
| 19:07 | Crear | Archer |
| 19:18 | Crear | Archer |
| 19:22 | Construir | House |
| 19:23 | Construir | House |
| 19:27 | Construir | Palisade Wall |
| 19:37 | Construir | Farm |
| 19:39 | Crear | Villager (Male) |
| 19:39 | Crear | Villager (Male) |
| 19:44 | Crear | Archer |
| 20:00 | Investigar | Padded Archer Armor |
| 20:29 | Construir | Market |
| 20:41 | Construir | Palisade Wall |
| 20:44 | Construir | Lumber Camp |
| 20:48 | Construir | House |
| 20:56 | Crear | Archer |
| 20:59 | Crear | Villager (Male) |
| 20:59 | Crear | Villager (Male) |
| 20:59 | Crear | Villager (Male) |
| 20:59 | Crear | Villager (Male) |
| 21:00 | Crear | Villager (Male) |
| 21:10 | Crear | Archer |
| 22:05 | Crear | Archer |
| 22:05 | Crear | Archer |
| 22:05 | Crear | Archer |
| 22:31 | Investigar | Castle Age |
| 22:57 | Construir | Lumber Camp |
| 23:02 | Crear | Archer |
Build order — LMG_Leonardo
Primeras 150 de 218 acciones detectadas
| 0:01 | Crear | Villager (Male) |
| 0:01 | Crear | Villager (Male) |
| 0:01 | Crear | Villager (Male) |
| 0:02 | Crear | Villager (Male) |
| 0:02 | Construir | House |
| 0:05 | Construir | House |
| 0:51 | Crear | Villager (Male) |
| 0:51 | Crear | Villager (Male) |
| 1:37 | Crear | Villager (Male) |
| 1:37 | Crear | Villager (Male) |
| 1:40 | Construir | Mill |
| 1:53 | Crear | Villager (Male) |
| 1:53 | Crear | Villager (Male) |
| 2:18 | Crear | Villager (Male) |
| 2:19 | Crear | Villager (Male) |
| 2:47 | Crear | Villager (Male) |
| 2:47 | Crear | Villager (Male) |
| 2:57 | Crear | Villager (Male) |
| 2:57 | Crear | Villager (Male) |
| 3:16 | Construir | House |
| 3:33 | Crear | Villager (Male) |
| 3:33 | Crear | Villager (Male) |
| 4:07 | Crear | Villager (Male) |
| 4:07 | Crear | Villager (Male) |
| 4:07 | Crear | Villager (Male) |
| 4:48 | Crear | Villager (Male) |
| 4:48 | Crear | Villager (Male) |
| 4:55 | Investigar | Loom |
| 5:11 | Construir | Lumber Camp |
| 6:12 | Construir | House |
| 6:15 | Investigar | Feudal Age |
| 6:16 | Investigar | Feudal Age |
| 6:54 | Crear | Villager (Male) |
| 6:54 | Crear | Villager (Male) |
| 7:45 | Construir | Barracks |
| 8:21 | Edad | Edad Feudal |
| 8:28 | Investigar | Double-Bit Axe |
| 8:40 | Construir | Stable |
| 8:58 | Crear | Villager (Male) |
| 9:09 | Construir | Mill |
| 9:14 | Construir | House |
| 9:17 | Construir | House |
| 9:20 | Construir | Palisade Wall |
| 9:29 | Crear | Villager (Male) |
| 9:32 | Crear | Scout Cavalry |
| 9:32 | Crear | Scout Cavalry |
| 9:32 | Crear | Scout Cavalry |
| 9:41 | Construir | Palisade Wall |
| 9:45 | Construir | Palisade Wall |
| 9:50 | Crear | Villager (Male) |
| 10:02 | Construir | Palisade Wall |
| 10:07 | Construir | Palisade Wall |
| 10:13 | Crear | Villager (Male) |
| 10:22 | Construir | House |
| 10:25 | Construir | House |
| 10:35 | Construir | Palisade Wall |
| 10:37 | Construir | Palisade Wall |
| 10:40 | Crear | Villager (Male) |
| 10:40 | Crear | Villager (Male) |
| 10:48 | Construir | Farm |
| 10:53 | Construir | Farm |
| 10:55 | Construir | Farm |
| 11:01 | Crear | Villager (Male) |
| 11:22 | Construir | Palisade Wall |
| 11:28 | Crear | Villager (Male) |
| 11:28 | Crear | Villager (Male) |
| 11:41 | Crear | Villager (Male) |
| 11:42 | Crear | Villager (Male) |
| 12:21 | Construir | Farm |
| 12:22 | Crear | Villager (Male) |
| 12:22 | Crear | Villager (Male) |
| 12:25 | Construir | Farm |
| 12:44 | Crear | Villager (Male) |
| 12:44 | Crear | Villager (Male) |
| 12:48 | Construir | Farm |
| 12:48 | Construir | Farm |
| 12:48 | Construir | Farm |
| 12:52 | Construir | Farm |
| 12:52 | Construir | Farm |
| 13:02 | Construir | Farm |
| 13:02 | Construir | Farm |
| 13:02 | Construir | Farm |
| 13:04 | Crear | Villager (Male) |
| 13:13 | Construir | House |
| 13:25 | Crear | Villager (Male) |
| 13:25 | Crear | Villager (Male) |
| 13:42 | Construir | Farm |
| 13:43 | Crear | Villager (Male) |
| 13:55 | Crear | Villager (Male) |
| 14:23 | Crear | Villager (Male) |
| 14:32 | Construir | Mining Camp |
| 14:41 | Construir | House |
| 14:46 | Construir | Blacksmith |
| 14:49 | Crear | Villager (Male) |
| 15:02 | Construir | Palisade Wall |
| 15:05 | Crear | Villager (Male) |
| 15:06 | Crear | Villager (Male) |
| 15:18 | Crear | Scout Cavalry |
| 15:18 | Crear | Scout Cavalry |
| 15:18 | Crear | Scout Cavalry |
| 16:07 | Crear | Villager (Male) |
| 16:23 | Crear | Villager (Male) |
| 16:24 | Crear | Villager (Male) |
| 17:19 | Crear | Villager (Male) |
| 17:19 | Crear | Villager (Male) |
| 17:19 | Crear | Villager (Male) |
| 17:20 | Crear | Villager (Male) |
| 17:27 | Crear | Scout Cavalry |
| 18:32 | Crear | Villager (Male) |
| 18:32 | Crear | Villager (Male) |
| 18:32 | Crear | Villager (Male) |
| 19:11 | Crear | Villager (Male) |
| 19:12 | Crear | Villager (Male) |
| 19:24 | Construir | Stable |
| 19:39 | Investigar | Bloodlines |
| 19:44 | Crear | Villager (Male) |
| 19:44 | Crear | Villager (Male) |
| 19:56 | Construir | Farm |
| 19:56 | Construir | Farm |
| 19:57 | Construir | Farm |
| 19:57 | Construir | Farm |
| 19:57 | Construir | Farm |
| 20:10 | Construir | House |
| 20:11 | Construir | House |
| 20:12 | Construir | House |
| 20:47 | Crear | Scout Cavalry |
| 20:47 | Crear | Scout Cavalry |
| 20:47 | Crear | Scout Cavalry |
| 20:47 | Crear | Scout Cavalry |
| 20:49 | Crear | Villager (Male) |
| 20:49 | Crear | Villager (Male) |
| 20:49 | Crear | Villager (Male) |
| 21:09 | Construir | House |
| 21:11 | Construir | House |
| 21:13 | Construir | House |
| 21:37 | Construir | House |
| 21:46 | Crear | Scout Cavalry |
| 21:47 | Crear | Villager (Male) |
| 21:47 | Crear | Villager (Male) |
| 22:01 | Crear | Villager (Male) |
| 22:07 | Construir | Lumber Camp |
| 22:14 | Investigar | Scale Barding Armor |
| 22:28 | Construir | Farm |
| 22:55 | Construir | Palisade Wall |
| 23:09 | Construir | House |
| 23:17 | Crear | Villager (Male) |
| 23:17 | Crear | Villager (Male) |
| 23:17 | Crear | Villager (Male) |
| 23:18 | Crear | Villager (Male) |
| 23:32 | Crear | Scout Cavalry |
Build order — LMG_SON SABANDIJAS
Primeras 150 de 300 acciones detectadas
| 0:01 | Crear | Villager (Male) |
| 0:01 | Crear | Villager (Male) |
| 0:02 | Construir | House |
| 0:04 | Construir | House |
| 0:16 | Crear | Villager (Male) |
| 0:16 | Crear | Villager (Male) |
| 1:19 | Crear | Villager (Male) |
| 1:19 | Crear | Villager (Male) |
| 1:44 | Crear | Villager (Male) |
| 1:48 | Construir | Lumber Camp |
| 2:22 | Crear | Villager (Male) |
| 2:23 | Crear | Villager (Male) |
| 2:23 | Crear | Villager (Male) |
| 2:49 | Crear | Villager (Male) |
| 2:49 | Crear | Villager (Male) |
| 3:02 | Crear | Villager (Male) |
| 3:02 | Crear | Villager (Male) |
| 3:23 | Crear | Villager (Male) |
| 3:23 | Crear | Villager (Male) |
| 3:23 | Crear | Villager (Male) |
| 3:46 | Crear | Villager (Male) |
| 3:46 | Crear | Villager (Male) |
| 4:09 | Crear | Villager (Male) |
| 4:09 | Crear | Villager (Male) |
| 4:09 | Crear | Villager (Male) |
| 4:16 | Construir | Mill |
| 4:41 | Construir | House |
| 5:09 | Crear | Villager (Male) |
| 5:34 | Crear | Villager (Male) |
| 5:34 | Crear | Villager (Male) |
| 5:38 | Construir | Mill |
| 6:20 | Crear | Villager (Male) |
| 6:24 | Construir | House |
| 7:26 | Crear | Villager (Male) |
| 7:26 | Crear | Villager (Male) |
| 7:45 | Investigar | Loom |
| 8:24 | Investigar | Feudal Age |
| 9:23 | Construir | Barracks |
| 10:27 | Construir | House |
| 10:34 | Construir | Palisade Gate |
| 10:51 | Crear | Villager (Male) |
| 10:51 | Crear | Villager (Male) |
| 10:52 | Crear | Villager (Male) |
| 10:56 | Edad | Edad Feudal |
| 11:00 | Construir | Stable |
| 11:02 | Construir | House |
| 11:04 | Crear | Villager (Male) |
| 11:09 | Investigar | Double-Bit Axe |
| 11:09 | Investigar | Double-Bit Axe |
| 11:16 | Construir | House |
| 11:19 | Construir | Palisade Wall |
| 11:31 | Construir | Palisade Wall |
| 11:34 | Crear | Villager (Male) |
| 11:38 | Construir | Farm |
| 11:45 | Crear | Scout Cavalry |
| 11:45 | Crear | Scout Cavalry |
| 11:45 | Crear | Scout Cavalry |
| 11:52 | Construir | Farm |
| 11:53 | Construir | Farm |
| 11:56 | Crear | Villager (Male) |
| 12:17 | Construir | Palisade Wall |
| 12:21 | Construir | Farm |
| 12:22 | Crear | Villager (Male) |
| 12:22 | Crear | Villager (Male) |
| 12:32 | Crear | Villager (Male) |
| 12:41 | Construir | Farm |
| 12:41 | Construir | Farm |
| 12:41 | Construir | Farm |
| 12:56 | Crear | Villager (Male) |
| 13:17 | Construir | Blacksmith |
| 13:19 | Construir | Palisade Wall |
| 13:22 | Construir | Palisade Wall |
| 13:37 | Construir | Farm |
| 13:44 | Crear | Scout Cavalry |
| 13:44 | Crear | Scout Cavalry |
| 14:02 | Crear | Villager (Male) |
| 14:04 | Construir | Farm |
| 14:18 | Construir | House |
| 14:22 | Construir | House |
| 14:40 | Crear | Scout Cavalry |
| 14:54 | Construir | Farm |
| 14:54 | Construir | Farm |
| 14:55 | Construir | Farm |
| 14:55 | Construir | Farm |
| 14:56 | Crear | Villager (Male) |
| 15:07 | Crear | Villager (Male) |
| 15:07 | Crear | Villager (Male) |
| 15:08 | Crear | Villager (Male) |
| 15:25 | Construir | House |
| 15:26 | Construir | House |
| 15:27 | Construir | House |
| 15:29 | Construir | House |
| 15:36 | Construir | Mining Camp |
| 15:37 | Crear | Villager (Male) |
| 15:38 | Crear | Villager (Male) |
| 15:38 | Crear | Villager (Male) |
| 15:51 | Crear | Villager (Male) |
| 16:32 | Crear | Villager (Male) |
| 16:32 | Crear | Villager (Male) |
| 16:36 | Construir | Farm |
| 16:36 | Construir | Farm |
| 16:36 | Construir | Farm |
| 16:36 | Construir | Farm |
| 16:37 | Crear | Villager (Male) |
| 16:38 | Crear | Villager (Male) |
| 17:19 | Investigar | Forging |
| 17:19 | Investigar | Forging |
| 17:32 | Crear | Villager (Male) |
| 17:35 | Construir | Farm |
| 17:35 | Construir | Farm |
| 17:35 | Construir | Farm |
| 17:36 | Construir | Farm |
| 17:36 | Construir | Farm |
| 17:37 | Crear | Villager (Male) |
| 17:38 | Crear | Villager (Male) |
| 18:46 | Construir | Lumber Camp |
| 18:49 | Crear | Villager (Male) |
| 19:21 | Crear | Villager (Male) |
| 20:04 | Crear | Villager (Male) |
| 20:52 | Investigar | Castle Age |
| 20:52 | Investigar | Castle Age |
| 21:09 | Construir | Stable |
| 21:10 | Construir | Stable |
| 21:17 | Investigar | Scale Barding Armor |
| 21:17 | Investigar | Scale Barding Armor |
| 21:24 | Construir | Farm |
| 21:30 | Construir | House |
| 21:44 | Investigar | Gold Mining |
| 21:44 | Investigar | Gold Mining |
| 22:13 | Construir | Farm |
| 22:19 | Construir | Farm |
| 22:24 | Construir | Farm |
| 22:27 | Construir | Farm |
| 22:40 | Construir | Stable |
| 23:12 | Construir | House |
| 23:32 | Edad | Edad de los Castillos |
| 23:35 | Crear | Knight |
| 23:35 | Crear | Knight |
| 23:35 | Crear | Knight |
| 23:35 | Crear | Knight |
| 23:41 | Investigar | Iron Casting |
| 23:42 | Investigar | Husbandry |
| 23:43 | Crear | Knight |
| 23:43 | Crear | Knight |
| 23:45 | Crear | Villager (Male) |
| 23:45 | Crear | Villager (Male) |
| 23:45 | Crear | Villager (Male) |
| 23:46 | Crear | Villager (Male) |
| 23:51 | Construir | Town Center |
| 24:08 | Crear | Knight |
Build order — Gianncrack
Primeras 150 de 199 acciones detectadas
| 0:00 | Crear | Villager (Male) |
| 0:02 | Construir | House |
| 0:02 | Construir | House |
| 0:06 | Crear | Villager (Male) |
| 0:06 | Crear | Villager (Male) |
| 0:15 | Crear | Villager (Male) |
| 0:15 | Crear | Villager (Male) |
| 1:29 | Crear | Villager (Male) |
| 1:29 | Crear | Villager (Male) |
| 2:05 | Construir | Lumber Camp |
| 2:07 | Crear | Villager (Male) |
| 2:28 | Crear | Villager (Male) |
| 2:51 | Crear | Villager (Male) |
| 2:51 | Crear | Villager (Male) |
| 3:24 | Crear | Villager (Male) |
| 4:19 | Crear | Villager (Male) |
| 5:07 | Construir | House |
| 5:09 | Crear | Villager (Male) |
| 5:09 | Crear | Villager (Male) |
| 5:40 | Crear | Villager (Male) |
| 5:40 | Crear | Villager (Male) |
| 5:45 | Crear | Villager (Male) |
| 6:21 | Construir | Mill |
| 6:23 | Crear | Villager (Male) |
| 6:24 | Crear | Villager (Male) |
| 6:35 | Crear | Villager (Male) |
| 6:58 | Construir | House |
| 7:36 | Investigar | Loom |
| 7:36 | Investigar | Feudal Age |
| 8:56 | Construir | Barracks |
| 9:02 | Construir | House |
| 9:45 | Crear | Villager (Male) |
| 10:20 | Edad | Edad Feudal |
| 10:23 | Construir | Stable |
| 10:29 | Construir | Blacksmith |
| 10:34 | Crear | Villager (Male) |
| 11:01 | Investigar | Double-Bit Axe |
| 11:04 | Crear | Villager (Male) |
| 11:07 | Crear | Scout Cavalry |
| 11:07 | Crear | Scout Cavalry |
| 11:07 | Crear | Scout Cavalry |
| 11:07 | Crear | Scout Cavalry |
| 11:25 | Investigar | Forging |
| 11:31 | Construir | Farm |
| 11:36 | Crear | Villager (Male) |
| 11:40 | Investigar | Fletching |
| 11:46 | Construir | Farm |
| 11:47 | Investigar | Forging |
| 11:55 | Crear | Villager (Male) |
| 11:59 | Construir | Farm |
| 12:12 | Construir | Farm |
| 12:14 | Crear | Villager (Male) |
| 12:37 | Construir | Mining Camp |
| 12:45 | Crear | Villager (Male) |
| 12:57 | Construir | House |
| 13:06 | Crear | Villager (Male) |
| 13:29 | Construir | House |
| 13:48 | Crear | Villager (Male) |
| 13:55 | Construir | Archery Range |
| 14:19 | Crear | Villager (Male) |
| 14:53 | Crear | Villager (Male) |
| 15:10 | Crear | Archer |
| 15:16 | Crear | Skirmisher |
| 15:20 | Crear | Villager (Male) |
| 15:23 | Construir | Farm |
| 15:25 | Construir | Farm |
| 15:40 | Crear | Villager (Male) |
| 15:43 | Construir | Farm |
| 15:54 | Investigar | Horse Collar |
| 15:56 | Investigar | Gold Mining |
| 16:01 | Crear | Skirmisher |
| 16:02 | Crear | Skirmisher |
| 16:02 | Crear | Skirmisher |
| 16:10 | Construir | House |
| 16:11 | Construir | House |
| 16:22 | Investigar | Padded Archer Armor |
| 16:41 | Crear | Villager (Male) |
| 16:43 | Construir | Farm |
| 16:46 | Construir | Farm |
| 16:54 | Crear | Villager (Male) |
| 16:58 | Construir | Archery Range |
| 17:13 | Crear | Villager (Male) |
| 17:16 | Construir | Farm |
| 17:19 | Construir | Farm |
| 17:29 | Crear | Villager (Male) |
| 18:07 | Construir | Lumber Camp |
| 18:14 | Crear | Villager (Male) |
| 18:31 | Construir | House |
| 18:44 | Construir | Market |
| 19:01 | Crear | Villager (Male) |
| 19:15 | Crear | Villager (Male) |
| 19:35 | Construir | House |
| 19:37 | Construir | House |
| 19:58 | Crear | Villager (Male) |
| 20:16 | Construir | Archery Range |
| 20:31 | Investigar | Castle Age |
| 21:27 | Investigar | Bloodlines |
| 21:46 | Construir | House |
| 21:47 | Construir | House |
| 22:29 | Crear | Skirmisher |
| 22:29 | Crear | Skirmisher |
| 22:33 | Construir | Archery Range |
| 22:39 | Crear | Skirmisher |
| 22:39 | Crear | Skirmisher |
| 22:48 | Crear | Skirmisher |
| 22:48 | Crear | Skirmisher |
| 22:49 | Crear | Skirmisher |
| 23:11 | Crear | Skirmisher |
| 23:11 | Crear | Skirmisher |
| 23:11 | Edad | Edad de los Castillos |
| 23:11 | Crear | Skirmisher |
| 23:14 | Investigar | Elite Skirmisher (upgrade) |
| 23:23 | Crear | Villager (Male) |
| 23:42 | Investigar | Leather Archer Armor |
| 23:48 | Crear | Villager (Male) |
| 23:50 | Crear | Skirmisher |
| 23:50 | Crear | Skirmisher |
| 24:09 | Crear | Villager (Male) |
| 24:29 | Construir | Farm |
| 24:42 | Crear | Villager (Male) |
| 24:55 | Crear | Villager (Male) |
| 25:00 | Construir | University |
| 25:05 | Investigar | Bow Saw |
| 25:38 | Crear | Villager (Male) |
| 25:46 | Crear | Cavalry Archer |
| 25:47 | Crear | Cavalry Archer |
| 25:47 | Crear | Cavalry Archer |
| 25:47 | Crear | Cavalry Archer |
| 26:09 | Crear | Cavalry Archer |
| 26:10 | Crear | Cavalry Archer |
| 26:10 | Crear | Cavalry Archer |
| 26:10 | Crear | Cavalry Archer |
| 26:10 | Crear | Cavalry Archer |
| 26:11 | Crear | Cavalry Archer |
| 26:11 | Crear | Cavalry Archer |
| 26:11 | Crear | Cavalry Archer |
| 26:12 | Crear | Cavalry Archer |
| 26:12 | Crear | Cavalry Archer |
| 26:19 | Investigar | Ballistics |
| 26:42 | Crear | Villager (Male) |
| 26:53 | Construir | Siege Workshop |
| 26:56 | Crear | Cavalry Archer |
| 26:56 | Crear | Cavalry Archer |
| 26:57 | Investigar | Thumb Ring |
| 27:16 | Crear | Villager (Male) |
| 27:27 | Construir | House |
| 27:28 | Construir | House |
| 27:40 | Construir | House |
| 27:42 | Construir | House |
| 27:50 | Crear | Villager (Male) |
Build order — LMG_HERA DE TEMU
Primeras 150 de 255 acciones detectadas
| 0:01 | Crear | Villager (Male) |
| 0:01 | Crear | Villager (Male) |
| 0:01 | Crear | Villager (Male) |
| 0:02 | Crear | Villager (Male) |
| 0:02 | Construir | House |
| 0:04 | Construir | House |
| 1:26 | Crear | Villager (Male) |
| 1:27 | Crear | Villager (Male) |
| 1:27 | Crear | Villager (Male) |
| 2:01 | Construir | Lumber Camp |
| 2:05 | Crear | Villager (Male) |
| 2:05 | Crear | Villager (Male) |
| 2:05 | Crear | Villager (Male) |
| 2:27 | Crear | Villager (Male) |
| 2:27 | Crear | Villager (Male) |
| 2:28 | Crear | Villager (Male) |
| 3:02 | Crear | Villager (Male) |
| 3:02 | Crear | Villager (Male) |
| 3:03 | Crear | Villager (Male) |
| 3:38 | Construir | House |
| 3:39 | Construir | House |
| 3:59 | Crear | Villager (Male) |
| 4:00 | Crear | Villager (Male) |
| 4:00 | Crear | Villager (Male) |
| 4:37 | Crear | Villager (Male) |
| 4:37 | Crear | Villager (Male) |
| 4:45 | Construir | Mill |
| 5:12 | Construir | Mill |
| 5:22 | Crear | Villager (Male) |
| 5:22 | Crear | Villager (Male) |
| 5:51 | Crear | Villager (Male) |
| 5:51 | Crear | Villager (Male) |
| 6:12 | Investigar | Loom |
| 7:19 | Investigar | Feudal Age |
| 7:20 | Investigar | Feudal Age |
| 7:20 | Investigar | Feudal Age |
| 8:10 | Construir | Barracks |
| 8:17 | Crear | Villager (Male) |
| 8:17 | Crear | Villager (Male) |
| 8:23 | Construir | House |
| 8:37 | Crear | Villager (Male) |
| 8:38 | Crear | Villager (Male) |
| 9:18 | Construir | Mining Camp |
| 9:29 | Edad | Edad Feudal |
| 9:32 | Crear | Villager (Male) |
| 9:32 | Crear | Villager (Male) |
| 9:36 | Construir | Archery Range |
| 9:44 | Construir | House |
| 9:52 | Crear | Villager (Male) |
| 10:18 | Crear | Villager (Male) |
| 10:22 | Construir | Palisade Gate |
| 10:26 | Crear | Archer |
| 10:26 | Crear | Archer |
| 10:26 | Crear | Archer |
| 10:29 | Construir | House |
| 10:34 | Crear | Villager (Male) |
| 10:34 | Crear | Villager (Male) |
| 10:34 | Crear | Villager (Male) |
| 10:49 | Construir | Palisade Wall |
| 10:59 | Construir | Palisade Wall |
| 11:08 | Crear | Archer |
| 11:08 | Crear | Archer |
| 11:08 | Crear | Archer |
| 11:08 | Crear | Archer |
| 11:18 | Construir | Palisade Wall |
| 11:21 | Construir | Palisade Wall |
| 11:30 | Construir | House |
| 11:38 | Crear | Archer |
| 11:38 | Crear | Archer |
| 12:10 | Construir | Mill |
| 12:17 | Construir | Farm |
| 12:18 | Construir | Farm |
| 12:23 | Construir | Farm |
| 12:30 | Crear | Archer |
| 12:30 | Crear | Archer |
| 12:35 | Construir | Palisade Wall |
| 12:42 | Construir | Palisade Gate |
| 12:45 | Crear | Villager (Male) |
| 12:45 | Crear | Villager (Male) |
| 13:06 | Construir | Palisade Wall |
| 13:07 | Construir | Palisade Wall |
| 13:09 | Construir | Palisade Wall |
| 13:12 | Construir | Palisade Wall |
| 13:14 | Construir | Palisade Wall |
| 13:25 | Construir | Farm |
| 13:28 | Construir | Farm |
| 13:33 | Crear | Spearman |
| 13:33 | Crear | Spearman |
| 13:50 | Construir | Palisade Wall |
| 13:59 | Construir | House |
| 14:02 | Investigar | Double-Bit Axe |
| 14:02 | Investigar | Double-Bit Axe |
| 14:04 | Construir | House |
| 14:07 | Construir | House |
| 14:46 | Construir | Palisade Wall |
| 15:10 | Crear | Villager (Male) |
| 15:10 | Crear | Villager (Male) |
| 15:10 | Crear | Villager (Male) |
| 15:10 | Crear | Villager (Male) |
| 15:13 | Construir | Farm |
| 15:14 | Construir | Farm |
| 15:14 | Construir | Farm |
| 15:14 | Construir | Farm |
| 15:17 | Construir | Farm |
| 15:18 | Construir | Farm |
| 15:19 | Crear | Villager (Male) |
| 15:20 | Crear | Villager (Male) |
| 15:20 | Crear | Villager (Male) |
| 15:32 | Crear | Villager (Male) |
| 15:32 | Crear | Villager (Male) |
| 15:45 | Construir | Farm |
| 15:45 | Construir | Farm |
| 15:58 | Crear | Villager (Male) |
| 15:58 | Crear | Villager (Male) |
| 16:14 | Crear | Archer |
| 16:14 | Crear | Archer |
| 16:14 | Crear | Archer |
| 16:14 | Crear | Archer |
| 16:14 | Crear | Villager (Male) |
| 16:14 | Crear | Villager (Male) |
| 16:14 | Crear | Villager (Male) |
| 16:19 | Construir | Farm |
| 16:21 | Construir | Farm |
| 16:38 | Crear | Villager (Male) |
| 16:39 | Crear | Villager (Male) |
| 16:39 | Crear | Villager (Male) |
| 17:02 | Crear | Villager (Male) |
| 17:03 | Crear | Villager (Male) |
| 17:03 | Crear | Villager (Male) |
| 17:33 | Crear | Archer |
| 17:33 | Crear | Archer |
| 17:34 | Crear | Archer |
| 17:37 | Construir | Farm |
| 17:38 | Construir | House |
| 18:23 | Crear | Villager (Male) |
| 18:27 | Construir | House |
| 18:29 | Construir | House |
| 18:30 | Construir | House |
| 18:46 | Crear | Archer |
| 18:46 | Crear | Archer |
| 18:47 | Crear | Archer |
| 18:53 | Construir | House |
| 19:08 | Crear | Villager (Male) |
| 19:08 | Crear | Villager (Male) |
| 19:41 | Crear | Archer |
| 19:41 | Crear | Archer |
| 19:42 | Crear | Archer |
| 19:48 | Crear | Spearman |
| 19:48 | Crear | Spearman |
| 20:11 | Construir | Blacksmith |
Cronología de la partida
| 7:28 | RDA | Damiii el TORO · wall_segment Palisade Wall x10 |
| 7:45 | LMG_Leonardo · first_building Barracks |
| 8:03 | XEVER | Masa! · first_building Barracks |
| 8:10 | LMG_HERA DE TEMU · first_building Barracks |
| 8:12 | XEVER | Masa! · wall_segment Palisade Wall x14 |
| 8:21 | LMG_Leonardo · age_up feudal |
| 8:40 | LMG_Leonardo · first_building Stable |
| 8:56 | Gianncrack · first_building Barracks |
| 9:05 | XEVER | Masa! · wall_segment Palisade Wall x8 |
| 9:16 | XEVER | Masa! · age_up feudal |
| 9:20 | LMG_Leonardo · wall_segment Palisade Wall x7 |
| 9:23 | LMG_SON SABANDIJAS · first_building Barracks |
| 9:26 | XEVER | Masa! · first_building Stable |
| 9:28 | XEVER | Masa! · wall_segment Palisade Wall x1 |
| 9:29 | LMG_HERA DE TEMU · age_up feudal |
| 9:36 | LMG_HERA DE TEMU · first_building Archery Range |
| 9:41 | LMG_Leonardo · wall_segment Palisade Wall x10 |
| 9:43 | RDA | Damiii el TORO · age_up feudal |
| 9:45 | LMG_Leonardo · wall_segment Palisade Wall x2 |
| 9:50 | RDA | Damiii el TORO · first_building Archery Range |
| 10:02 | LMG_Leonardo · wall_segment Palisade Wall x11 |
| 10:07 | RDA | Damiii el TORO · wall_segment Palisade Wall x1 |
| 10:07 | LMG_Leonardo · wall_segment Palisade Wall x10 |
| 10:09 | RDA | Damiii el TORO · wall_segment Palisade Wall x1 |
| 10:10 | RDA | Damiii el TORO · wall_segment Palisade Wall x1 |
| 10:11 | RDA | Damiii el TORO · wall_segment Palisade Wall x1 |
| 10:12 | RDA | Damiii el TORO · wall_segment Palisade Wall x1 |
| 10:20 | Gianncrack · age_up feudal |
| 10:23 | Gianncrack · first_building Stable |
| 10:35 | LMG_Leonardo · wall_segment Palisade Wall x4 |
| 10:37 | LMG_Leonardo · wall_segment Palisade Wall x14 |
| 10:49 | LMG_HERA DE TEMU · wall_segment Palisade Wall x3 |
| 10:56 | LMG_SON SABANDIJAS · age_up feudal |
| 10:59 | LMG_HERA DE TEMU · wall_segment Palisade Wall x9 |
| 11:00 | LMG_SON SABANDIJAS · first_building Stable |
| 11:18 | LMG_HERA DE TEMU · wall_segment Palisade Wall x3 |
| 11:19 | LMG_SON SABANDIJAS · wall_segment Palisade Wall x14 |
| 11:21 | LMG_HERA DE TEMU · wall_segment Palisade Wall x9 |
| 11:22 | LMG_Leonardo · wall_segment Palisade Wall x4 |
| 11:31 | LMG_SON SABANDIJAS · wall_segment Palisade Wall x21 |
| 11:36 | XEVER | Masa! · wall_segment Palisade Wall x18 |
| 11:43 | XEVER | Masa! · wall_segment Palisade Wall x14 |
| 11:47 | XEVER | Masa! · wall_segment Palisade Wall x7 |
| 12:03 | RDA | Damiii el TORO · wall_segment Palisade Wall x1 |
| 12:12 | XEVER | Masa! · wall_segment Palisade Wall x1 |
| 12:17 | LMG_SON SABANDIJAS · wall_segment Palisade Wall x1 |
| 12:35 | LMG_HERA DE TEMU · wall_segment Palisade Wall x11 |
| 13:06 | LMG_HERA DE TEMU · wall_segment Palisade Wall x1 |
| 13:07 | LMG_HERA DE TEMU · wall_segment Palisade Wall x1 |
| 13:09 | LMG_HERA DE TEMU · wall_segment Palisade Wall x1 |
| 13:12 | LMG_HERA DE TEMU · wall_segment Palisade Wall x1 |
| 13:14 | LMG_HERA DE TEMU · wall_segment Palisade Wall x1 |
| 13:19 | LMG_SON SABANDIJAS · wall_segment Palisade Wall x1 |
| 13:22 | LMG_SON SABANDIJAS · wall_segment Palisade Wall x24 |
| 13:43 | RDA | Damiii el TORO · wall_segment Palisade Wall x2 |
| 13:44 | RDA | Damiii el TORO · wall_segment Palisade Wall x1 |
| 13:45 | RDA | Damiii el TORO · wall_segment Palisade Wall x1 |
| 13:50 | LMG_HERA DE TEMU · wall_segment Palisade Wall x2 |
| 13:55 | Gianncrack · first_building Archery Range |
| 14:07 | XEVER | Masa! · wall_segment Palisade Wall x9 |
| 14:46 | LMG_HERA DE TEMU · wall_segment Palisade Wall x3 |
| 14:54 | XEVER | Masa! · wall_segment Palisade Wall x1 |
| 14:58 | XEVER | Masa! · wall_segment Palisade Wall x1 |
| 15:00 | XEVER | Masa! · wall_segment Palisade Wall x1 |
| 15:01 | XEVER | Masa! · wall_segment Palisade Wall x1 |
| 15:02 | LMG_Leonardo · wall_segment Palisade Wall x4 |
| 19:27 | RDA | Damiii el TORO · wall_segment Palisade Wall x9 |
| 20:22 | Gianncrack · first_market_buy 100 food |
| 20:41 | RDA | Damiii el TORO · wall_segment Palisade Wall x7 |
| 21:43 | RDA | Damiii el TORO · first_market_buy 100 food |
| 22:18 | RDA | Damiii el TORO · first_market_sell 100 wood |
| 22:55 | LMG_Leonardo · wall_segment Palisade Wall x1 |
| 23:11 | XEVER | Masa! · age_up castle |
| 23:11 | Gianncrack · age_up castle |
| 23:32 | LMG_SON SABANDIJAS · age_up castle |
| 23:49 | LMG_HERA DE TEMU · age_up castle |
| 25:19 | RDA | Damiii el TORO · age_up castle |
| 26:53 | Gianncrack · first_building Siege Workshop |
| 27:58 | RDA | Damiii el TORO · first_building Siege Workshop |
| 28:09 | Gianncrack · first_market_sell 100 wood |
| 28:41 | Gianncrack · first_building Monastery |
| 29:31 | RDA | Damiii el TORO · wall_segment Stone Wall x9 |
| 29:32 | RDA | Damiii el TORO · wall_segment Stone Wall x1 |
| 30:03 | LMG_Leonardo · age_up castle |
| 30:31 | RDA | Damiii el TORO · first_building Monastery |
| 31:00 | LMG_HERA DE TEMU · first_building Siege Workshop |
| 31:14 | LMG_Leonardo · first_building Siege Workshop |
| 35:09 | LMG_HERA DE TEMU · resign |
| 35:17 | RDA | Damiii el TORO · first_building Castle |
[ ANÁLISIS IA · 1 CRÉDITO ]
¿Qué pasó realmente en esta partida?
Wolo.gg analiza cada decisión: build order, eco, micro, errores típicos por bracket. Análisis personalizado por WhatsApp o Discord en 30 segundos.
Guía civ
Francos
Perfil
Jugador #2374727